 Dungeon Crawl Stone Soup version 0.19.5 (webtiles) character file.

102 tidbits the Charmwright (level 4, -1/45 HPs)
             Began as a High Elf Skald on Nov 8, 2017.
             Was a Follower of Makhleb.
             Slain by a river rat (4 damage)
             ... in a sewer.
             The game lasted 00:06:05 (768 turns).

tidbits the Charmwright (High Elf Skald)             Turns: 768, Time: 00:06:06

Health: -1/45      AC: 22    Str: 11    XL:     4   Next: 50%
Magic:  3/9        EV:  2    Int: 18    God:    Makhleb [*.....]
Gold:   53         SH:  0    Dex: 15    Spells: 4 memorised, 0 levels left

rFire  . . .     SeeInvis .     a - +0 falchion
rCold  . . .     Gourm    .     (armour currently unavailable)
rNeg   + + +     Faith    .     (no shield)
rPois  +         Spirit   .     (helmet currently unavailable)
rElec  .         Reflect  .     (cloak currently unavailable)
rCorr  .         Harm     .     (gloves currently unavailable)
MR     .....     NoTele   +     (boots currently unavailable)
Stlth  +.........               (no amulet)
                                (no ring)
                                (no ring)

@: tree-form, singing, very slightly contaminated
A: clever 1, (cold resistance 0), (fire resistance 0)
a: Renounce Religion, Stop Singing


You were in a sewer.
You worshipped Makhleb.
Makhleb was aware of your devotion.
You were hungry.
You were a tree.
You visited 2 branches of the dungeon, and saw 6 of its levels.
You also visited: Sewer.

You collected 53 gold pieces.

Inventory:

Hand Weapons
 a - a +0 falchion (weapon)
Missiles
 e - 40 bolts
Armour
 m - a +0 ring mail
   (You found it in a sewer)
 B - a +0 leather armour (melded)
 F - a +2 pair of boots (melded)
   (You found it on level 2 of the Dungeon)
 G - a +0 pair of gloves (melded)
   (You found it on level 4 of the Dungeon)
Scrolls
 f - a scroll of identify {unknown}
 g - a scroll of random uselessness {unknown}
 i - a scroll of noise {unknown}
 j - a scroll of recharging {unknown}
Books
 c - a book of Battle

   Spells                             Type                      Level
   a - Infusion                       Charms                       1
   b - Shroud of Golubria             Charms/Translocation         2
   c - Song of Slaying                Charms                       2
   d - Spectral Weapon                Hexes/Charms                 3
   e - Regeneration                   Charms/Necromancy            3
Comestibles
 d - a bread ration
 l - a beef jerky


   Skills:
 - Level 2.4 Fighting
 + Level 3.6 Long Blades
 - Level 1.6 Armour
 - Level 2.2 Dodging
 - Level 2.8 Spellcasting
 + Level 0.8 Hexes
 - Level 4.0 Charms


You couldn't memorise any spells.
You knew the following spells:

 Your Spells              Type           Power        Failure   Level  Hunger
g - Shroud of Golubria    Chrm/Tloc      #.........   12%         2    ##.....
i - Infusion              Chrm           ###.         3%          1    None
w - Spectral Weapon       Hex/Chrm       ##......     21%         3    ###....
y - Song of Slaying       Chrm           ###.....     6%          2    ##.....


Dungeon Overview and Level Annotations

Branches:
Dungeon (5/15)             Temple (1/1) D:5

Altars:
Dithmenos
Gozag
Makhleb


Innate Abilities, Weirdness & Mutations

Your mind is acute. (Int +2)
((Your flesh is cold resistant. (rC+)))
((Your flesh is heat resistant. (rF+)))


Message History

The ball python bites you but does no damage.
The ball python constricts you.
Casting: Spectral Weapon
Confirm with . or Enter, or press ? or * to list all spells.
You start singing a song of slaying.
The ball python bites you but does no damage.
The ball python constricts you. The river rat bites you.
You closely miss the river rat.
The river rat is moderately wounded.
Your spectral weapon hits the river rat but does no damage.
The river rat bites you.
* * * LOW HITPOINT WARNING * * *
The ball python closely misses you.
You riposte.
You slash the ball python!
You kill the ball python!
Makhleb accepts your kill. The river rat closely misses you.
The river rat bites you.
* * * LOW HITPOINT WARNING * * *
It was a potion of mutation.
You feel extremely strange.
You feel clever.
You feel resistant to cold.
You feel resistant to heat. The river rat bites you.
* * * LOW HITPOINT WARNING * * *
The ooze barely misses you.
You riposte.
You hit the ooze.
The ooze is heavily wounded.
The river rat bites you but does no damage.
The river rat misses you.
You riposte.
You closely miss the river rat.
It was a potion of lignification.
You turn into a tree.
Your +0 pair of gloves melds into your body.
Your +2 pair of boots melds into your body.
Your +0 leather armour melds into your body.
Your roots penetrate the ground.
The river rat bites you but does no damage.
The ooze hits you but does no damage.
The river rat twitches its whiskers.
The river rat bites you but does no damage.
The river rat twitches its whiskers.
The river rat bites you but does no damage.
The rat twitches its whiskers.
You hit the ooze but do no damage.
The ooze is heavily wounded.
Your spectral weapon hits the ooze.
The river rat bites you.
* * * LOW HITPOINT WARNING * * *
The ooze hits you but does no damage.
The river rat bites you but does no damage. x2
You hit the ooze.
The ooze is severely wounded.
Your spectral weapon hits the ooze.
The river rat twitches its whiskers.
The river rat bites you but does no damage.
The ooze hits you but does no damage. The river rat barely misses you.
The river rat bites you but does no damage.
You barely miss the ooze.
The ooze is almost dead.
Your spectral weapon hits the ooze.
You kill the ooze!
Makhleb accepts your kill.
The river rat bites you but does no damage. x2
The river rat bites you.
* * * LOW HITPOINT WARNING * * *
You closely miss the river rat.
The river rat is lightly wounded.
Your spectral weapon hits the river rat.
The river rat bites you.
* * * LOW HITPOINT WARNING * * *
The river rat bites you but does no damage. x2
You hit the river rat but do no damage.
The river rat is moderately wounded.
Your spectral weapon hits the river rat.
The river rat bites you but does no damage. x2
The river rat bites you.
* * * LOW HITPOINT WARNING * * *
The river rat bites you but does no damage.
You barely miss the river rat.
The river rat is heavily wounded.
Your spectral weapon misses the river rat.
The river rat bites you but does no damage. x3
The river rat bites you.
* * * LOW HITPOINT WARNING * * *
You hit the river rat.
The river rat is almost dead.
Your spectral weapon hits the river rat.
You kill the river rat!
Makhleb accepts your kill.
You can now gain health from killing.
The river rat barely misses you.
You hit the river rat.
The river rat is moderately wounded.
Your spectral weapon hits the river rat.
The river rat bites you but does no damage. x2
You barely miss the river rat.
The river rat is heavily wounded.
Your spectral weapon closely misses the river rat.
The river rat bites you.
* * * LOW HITPOINT WARNING * * *
The river rat bites you but does no damage.
The river rat twitches its whiskers.
The river rat bites you but does no damage. x2
You barely miss the river rat.
The river rat is heavily wounded.
Your spectral weapon completely misses the river rat.
The river rat bites you.
You die...

####### #### ###.....##
##....#
.####........####......+
........ ##.rrrr♣......#
.......###...rrrr(.....#
r.......##...rr##....≈≈##
......r.......####..≈≈≈≈≈≈≈≈≈
.............##≈≈≈≈≈≈≈≈≈≈≈≈≈≈
.......†≈≈≈≈≈≈≈≈≈≈≈≈≈≈≈≈≈≈≈≈≈
≈≈≈≈≈≈≈≈≈≈≈≈≈≈≈≈≈≈≈≈≈≈≈≈≈≈≈≈≈
#
≈≈≈≈≈≈≈≈≈≈≈≈≈≈≈≈≈≈≈≈≈≈≈≈≈≈≈≈
≈#
......≈≈≈≈≈≈≈≈≈≈≈≈≈≈≈≈≈≈≈≈≈
≈≈#


You could see 6 river rats, 4 rats and a friendly spectral falchion.

Vanquished Creatures
  A crimson imp (D:5)
  An adder (D:2)
  2 river rats (Sewer)
  An ooze (Sewer)
  A dart slug (D:4)
  A leopard gecko (D:5)
  An orc (D:5)
  7 giant cockroaches
  2 goblins (D:2)
  5 jackals
  4 ball pythons (Sewer)
  2 jackal skeletons (D:5)
  5 kobolds
  3 rats (Sewer)
36 creatures vanquished.

Notes
Turn   | Place    | Note
-------+----------+-------------------------------------------
     0 | D:1      | tidbits the High Elf Skald began the quest for the Orb.
     0 | D:1      | Reached XP level 1. HP: 14/14 MP: 4/4
    57 | D:2      | Reached skill level 1 in Armour
   108 | D:2      | Reached XP level 2. HP: 19/19 MP: 0/6
   122 | D:2      | Learned a level 2 spell: Song of Slaying
   125 | D:2      | Learned a level 2 spell: Shroud of Golubria
   440 | D:5      | Entered Level 5 of the Dungeon
   444 | D:5      | Found a staircase to the Ecumenical Temple.
   452 | Temple   | Entered the Ecumenical Temple
   459 | Temple   | Became a worshipper of Makhleb the Destroyer
   477 | D:5      | Reached XP level 3. HP: 24/24 MP: 4/7
   528 | D:5      | Reached skill level 3 in Long Blades
   528 | D:5      | Reached skill level 2 in Dodging
   528 | D:5      | Reached skill level 4 in Charms
   590 | D:5      | Found a glowing drain.
   594 | D:5      | Reached XP level 4. HP: 30/30 MP: 2/9
   648 | D:5      | Learned a level 3 spell: Spectral Weapon
   649 | Sewer    | Entered a sewer
   757 | Sewer    | Gained mutation: Your mind is acute. (Int +2) [potion of mutation]
   757 | Sewer    | Gained mutation: Your flesh is cold resistant. (rC+) [potion of mutation]
   757 | Sewer    | Gained mutation: Your flesh is heat resistant. (rF+) [potion of mutation]
   765 | Sewer    | Reached * piety under Makhleb
   767 | Sewer    | HP: 3/45 [river rat (4)]
   768 | Sewer    | Slain by a river rat

Skill      XL: |  1  2  3 |
---------------+----------+-----
Armour         | 1 |  1.6
Long Blades    | 3 |  3.6
Dodging        | 2 |  2.2
Charms         | 4 |  4.0
Fighting       | |  2.4
Spellcasting   | |  2.8
Hexes          | |  0.8

Action                   |  1- 3 |  4- 6 || total
-------------------------+-------+-------++-------
Melee: Falchion          |    57 |    34 ||    91
 Cast: Infusion          |    12 |       ||    12
       Spectral Weapon   |       |     3 ||     3
       Song of Slaying   |       |     1 ||     1
  Use: Potion            |       |     3 ||     3
Armor: Leather armour    |    20 |    13 ||    33
       Skin              |       |    25 ||    25
Dodge: Dodged            |    37 |    42 ||    79
       Rpst.: Falchion   |    11 |    14 ||    25

Table legend:
 A = Turns spent in this place as a percentage of turns spent in the entire game.
 B = Non-inter-level travel turns spent in this place as a percentage of non-inter-level travel turns spent in the entire game.
 C = Inter-level travel turns spent in this place as a percentage of turns spent in this place.
 D = Turns resting spent in this place as a percentage of non-inter-level travel turns spent in this place.
 E = Turns spent auto-exploring this place as a percentage of non-inter-level travel turns spent in this place.
 F = Non-inter-level travel turns spent in this place divided by the number of levels of this place that you've seen.
                   A       B       C       D       E      F
               +-------+-------+-------+-------+-------+----------------------
         Total | 100.0 | 100.0 |   0.0 |   0.0 |   0.0 | 111.6
       Dungeon |  82.6 |  82.6 |   0.0 |   0.0 |   0.0 | 129.0
        Temple |   1.9 |   1.9 |   0.0 |   0.0 |   0.0 |  15.0
         Sewer |  15.5 |  15.5 |   0.0 |   0.0 |   0.0 | 121.0
               +-------+-------+-------+-------+-------+----------------------

Table legend:
 A = Kills in this place as a percentage of kills in entire the game.
 B = Kills by you in this place as a percentage of kills by you in the entire game.
 C = Kills by friends in this place as a percentage of kills by friends in the entire game.
 D = Other kills in this place as a percentage of other kills in the entire game.
 E = Experience gained in this place as a percentage of experience gained in the entire game.
 F = Experience gained in this place divided by the number of levels of this place that you have seen.
                   A       B       C       D       E      F
               +-------+-------+-------+-------+-------+----------------------
         Total | 100.0 | 100.0 |  -nan |  -nan | 100.0 |  21.0
       Dungeon |  63.9 |  63.9 |  -nan |  -nan |  70.1 |  20.6
         Sewer |  36.1 |  36.1 |  -nan |  -nan |  29.9 |  44.0
               +-------+-------+-------+-------+-------+----------------------

Vault maps used:
D:1:      dpeg_arrival_brainrot
D:4:      abandoned_shop
D:5:      minmay_temple_entry_large_hall, gup_sewer_entry_pipe, first_bread
Temple:   regret_index_temple_sigil_plot
Sewer:    sewer_minmay_treatment
